 Dungeon Crawl Stone Soup version 0.14.0-24-gfb45beb (webtiles) character file.

339 Infinimo the Archer (level 5, -4/33 HPs)
             Began as a High Elf Hunter on Apr 22, 2014.
             Killed by nerve-wracking pain
             ... invoked by an orc priest
              (7 damage)
             ... on Level 3 of the Dungeon.
             The game lasted 00:03:30 (2487 turns).

Infinimo the Archer (High Elf Hunter)               Turns: 2487, Time: 00:03:30

HP  -4/33        AC  7     Str 12      XL: 5   Next: 60%
MP   8/8         EV  7     Int 14      God:
Gold 124         SH  0     Dex 16      Spells:  0 memorised,  4 levels left

rFire  . . .     SeeInvis .     b - +1 bow
rCold  . . .     Clarity  .     r - +1 scale mail
rNeg   . . .     Conserve .     (no shield)
rPois  .         rCorr    .     (no helmet)
rElec  .         rRot     .     (no cloak)
SustAb . .       Spirit   .     (no gloves)
rMut   .         Warding  .     (no boots)
Saprov . . .     Stasis   .     (no amulet)
MR     .....                    (no ring)
                                (no ring)

@: not resistant to hostile enchantments, extremely unstealthy
A: no striking features
a: no special abilities


You were on level 3 of the Dungeon.
You were near starving.

You visited 1 branch of the dungeon, and saw 3 of its levels.

You collected 124 gold pieces.

Inventory:

Hand weapons
 b - a +1,+1 bow (weapon)
 w - a +1,+1 mace
Missiles
 c - 12 arrows (quivered)
 j - 15 poisoned arrows
Armour
 d - a +0 leather armour
 r - a +1 scale mail (worn)
Comestibles
 a - an apple
 f - 2 bread rations
 n - a lychee
 u - a meat ration
Scrolls
 e - 3 scrolls of identify {unknown}
 k - 2 scrolls of teleportation {unknown}
 q - a scroll of fog {unknown}
 s - 2 scrolls of amnesia {unknown}
 v - a scroll of blinking {unknown}
 y - a scroll of recharging {unknown}
 A - a scroll of remove curse {unknown}
 B - a scroll of noise {unknown}
Jewellery
 o - an uncursed amulet of faith {unknown}
 t - an uncursed ring of protection from magic {unknown}
Potions
 g - 3 potions of curing {unknown}
 h - 2 potions of might {unknown}
 i - a potion of haste {unknown}
 l - 2 potions of restore abilities {unknown}
 m - a potion of invisibility {unknown}
 p - a potion of lignification {unknown}
 x - 2 potions of heal wounds {unknown}
 z - a potion of agility {unknown}


   Skills:
 - Level 1.0 Fighting
 * Level 9.1 Bows
 - Level 2.1 Dodging
 - Level 1.1 Stealth


You had 4 spell levels left.
You didn't know any spells.

Dungeon Overview and Level Annotations

Branches:
Dungeon (3/15)

Altars:
Xom


Message History

You shoot an arrow. The arrow hits the orc.
The orc priest's eyes start to glow.
Firing (i - inventory. (,) - cycle):
c - 13 arrows (quivered)
Press: ? - help, Shift-Dir - straight line, f/p - orc
Aim: an orc, wielding a club and wearing a leather armour You shoot an arrow.
The arrow hits the orc.
You kill the orc!
The orc priest invokes the aid of Beogh against you.
Pain shoots through your body!
You are too injured to fight recklessly!
You are too injured to fight recklessly!
Unknown command.
Unknown command.
You are too injured to fight recklessly!
The orc priest calls down the wrath of Beogh upon you.
Something smites you!
* * * LOW HITPOINT WARNING * * *
The orc priest mumbles some strange prayers to Beogh against you.
Pain shoots through your body!
You die...

#.....#
#.#####.##....
#####.# #.# #.##....
#.# . #.##.... #.#
#.####.# #.# #.# #.#
#.# ... #.# ##.# .
#.# #.#
#....######@###.###.
#.#
#..oooo)o...........
.
#.#########.###.###.
#.# #.# #.# #.# .!.
...


You could see 2 orc priests, an orc wizard and 2 orcs.

Vanquished Creatures
  3 crimson imps (D:3)
  A worker ant (D:3)
  Terence (D:2)
  4 adders
  A worm (D:1)
  2 oozes
  2 orcs (D:3)
  3 bats
  5 giant cockroaches
  3 hobgoblins
  2 giant geckos (D:1)
  A giant newt (D:2)
  5 goblins
  5 kobolds
  5 rats
43 creatures vanquished.

Notes
Turn   | Place    | Note
--------------------------------------------------------------
     0 | D:1      | Infinimo, the High Elf Hunter, began the quest for the Orb.
     0 | D:1      | Reached XP level 1. HP: 13/13 MP: 2/2
   570 | D:1      | Reached XP level 2. HP: 18/18 MP: 3/3
   646 | D:1      | Reached skill level 6 in Bows
  1334 | D:2      | Reached XP level 3. HP: 21/23 MP: 5/5
  1577 | D:2      | Noticed Terence
  1586 | D:2      | Killed Terence
  1586 | D:2      | Reached skill level 7 in Bows
  1945 | D:2      | Reached XP level 4. HP: 20/28 MP: 7/7
  2141 | D:3      | Found a shimmering altar of Xom.
  2230 | D:3      | Reached skill level 8 in Bows
  2236 | D:3      | Reached XP level 5. HP: 15/33 MP: 8/8
  2265 | D:3      | Reached skill level 9 in Bows
  2487 | D:3      | Killed from afar by an orc priest

Action                   |  1- 3 |  4- 6 || total
-------------------------+-------+-------++-------
Melee: Short sword       |    55 |       ||    55
       Mace              |    31 |    78 ||   109
 Fire: Bow               |    24 |    25 ||    49
 Stab: Sleeping          |     1 |       ||     1
